 Dungeon Crawl Stone Soup version 0.21-a0-349-g0c35859 (webtiles) character file.

56 Hasart the Cudgeler (level 3, 0/30 HPs)
             Began as a Demigod Fighter on Oct 8, 2017.
             Hit by a goblin thrown by Robin (2 damage)
             ... on level 2 of the Dungeon.
             The game lasted 00:03:43 (1294 turns).

Hasart the Cudgeler (Demigod Fighter)               Turns: 1294, Time: 00:03:44

Health: 0/30       AC:  6    Str: 21    XL:     3   Next: 47%
Magic:  5/5        EV:  7    Int: 12    God:
Gold:   92         SH:  9    Dex: 15    Spells: 2/2 levels left

rFire    . . .     SeeInvis .   a - +0 flail
rCold    . . .     Gourm    .   c - +0 shield
rNeg     . . .     Faith    .   b - +0 scale mail
rPois    .         Spirit   .   (no helmet)
rElec    .         Reflect  .   (no cloak)
rCorr    .         Harm     .   (no gloves)
MR       .....                  (no boots)
Stlth    ..........             (no amulet)
HPRegen  0.10/turn              k - ring of loudness (curse)
MPRegen  0.09/turn              (no ring)

@: no status effects
A: high mp 1
a: no special abilities


You were on level 2 of the Dungeon.
You were not hungry.

You visited 1 branch of the dungeon, and saw 2 of its levels.

You collected 92 gold pieces.

Inventory:

Hand Weapons
 a - a +0 flail (weapon)
Armour
 b - a +0 scale mail (worn)
 c - a +0 shield (worn)
Jewellery
 k - a cursed ring of loudness (left hand)
Scrolls
 e - a scroll of identify {unknown}
 g - a scroll of immolation {unknown}
 i - 2 scrolls of fear {unknown}
Potions
 d - a potion of might
 h - a potion of cancellation {unknown}
 j - 2 potions of curing {unknown}
 l - a potion of lignification {unknown}
 m - a potion of agility {unknown}
 p - 2 potions of flight {unknown}
Comestibles
 f - a bread ration
 n - a fruit
 o - 3 chunks of flesh


   Skills:
 - Level 2.6 Fighting
 + Level 3.7 Maces & Flails
 - Level 2.6 Armour
 - Level 2.6 Shields


You had 2 spell levels left.
You didn't know any spells.

Dungeon Overview and Level Annotations

Branches:
Dungeon (2/15)

Annotations:
D:2 Robin


Innate Abilities, Weirdness & Mutations

You have an increased reservoir of magic. (+10% MP)


Message History

The goblin barely misses you.
The goblin hits you with an enchanted dagger.
* * * LOW HITPOINT WARNING * * *
You block the goblin's attack. The goblin closely misses you.
The goblin hits you with a club.
* * * LOW HITPOINT WARNING * * *
You block the goblin's attack. The goblin barely misses you.
You see here a dagger.
You block the goblin's attack. The goblin hits you but does no damage.
Robin says, "Duck!"
Robin throws the goblin at you!
* * * LOW HITPOINT WARNING * * *
The goblin hits you but does no damage.
You hit the goblin.
You kill the goblin!
The goblin hits you but does no damage.
The goblin hits you with an enchanted dagger.
* * * LOW HITPOINT WARNING * * *
Robin throws the goblin at you!
You die...

.....#....#...# ######......# #
#......####...#########..#.#####
#......####...#.......(....#....
#........##...#......).....#....
#........##...#............#####
#........###.##............#
#..........#...............#
#..........#...g.............#.
#####..>...##..@#............#.
#.............##g............#.#
#.(...........##.†...........#..
#.............##gg.####. . #..
##.............##g..# .. #..
#...)..........##)g.# ...#..
#...#..........##...# ......
#...#..........###'## ..##..
#...#........gggg...# ......


You could see Robin, 3 hobgoblins and 2 goblins.

Vanquished Creatures
  3 adders (D:2)
  A worm (D:2)
  A giant cockroach (D:2)
  9 goblins
  3 hobgoblins
  A bat (D:2)
  2 frilled lizards (D:1)
  3 kobolds
  6 rats
29 creatures vanquished.

Notes
Turn   | Place    | Note
-------+----------+-------------------------------------------
     0 | D:1      | Hasart the Demigod Fighter began the quest for the Orb.
     0 | D:1      | Reached XP level 1. HP: 18/18 MP: 3/3
   140 | D:1      | Reached skill level 2 in Maces & Flails
   549 | D:2      | Reached XP level 2. HP: 24/25 MP: 4/4
   696 | D:2      | Reached skill level 3 in Maces & Flails
   927 | D:2      | Reached XP level 3. HP: 6/30 MP: 5/5
  1245 | D:2      | Noticed Robin
  1292 | D:2      | HP: 1/30 [goblin/enchanted dagger[Robin] (1)]
  1294 | D:2      | Hit by a goblin thrown by Robin

Vault maps used:
D:1:      lightli_arrival_quake
D:2:      uniq_robin

Skill      XL: |  1  2 |
---------------+-------+-----
Maces & Flails | 2 3 |  3.7
Fighting       | |  2.6
Armour         | |  2.6
Shields        | |  2.6

Action                   || total
-------------------------++-------
Melee: Flail             ||    83
  Eat: Chunk             ||     1
Armor: Scale mail        ||    50
Dodge: Dodged            ||    30
Block: Shield            ||    63

Table legend:
 A = Spawn XP
 B = Non-spawn XP
 C = Spawn XP percentage of total XP
 D = Spawn monster count
 E = Non-spawn monster count
 F = Spawn count percentage of total count
 G = Total turns spent on level
                    A         B        C        D         E        F      G
               +---------+---------+-------+---------+---------+-------+---------
         Total |       0 |      80 |   0.0 |       0 |      29 |   0.0 |  1294
               +---------+---------+-------+---------+---------+-------+---------
           D:1 |       0 |      13 |   0.0 |       0 |      11 |   0.0 |   546
           D:2 |       0 |      67 |   0.0 |       0 |      18 |   0.0 |   748
               +---------+---------+-------+---------+---------+-------+---------
